Dernière mise à jour: 2025-12-07 16:11:59
% Time on Ice - OAKLAND GORILLAS
Lines # - Real PCT - Wanted PCT - Time Play
Normal Forward
1 - 33% - 36% - 16:33
2 - 27% - 31% - 13:46
3 - 27% - 23% - 13:30
4 - 13% - 10% - 6:18
Normal Defense
1 - 34% - 36% - 16:51
2 - 32% - 31% - 16:14
3 - 30% - 23% - 15:06
4 - 4% - 10% - 1:56
PP Forward
1 - 47% - 55% - 1:21
2 - 53% - 45% - 1:31
PP Defense
1 - 47% - 55% - 1:21
2 - 53% - 45% - 1:31
PK Forward
1 - 62% - 55% - 4:19
2 - 38% - 45% - 2:42
PK Defense
1 - 62% - 55% - 4:22
2 - 38% - 45% - 2:39
PK3 Forward
1 - 0% - 55%
2 - 0% - 45%
PK3 Defense
1 - 0% - 55%
2 - 0% - 45%
44 Forward
1 - 0% - 55%
2 - 0% - 45%
44 Defense
1 - 0% - 55%
2 - 0% - 45%
Last Minute Offensive  - 0:00
Last Minute Defensive  - 0:00
Total
Forward - 60:00
Defense - 60:00
% Time on Ice - REGINA FALCONS
Lines # - Real PCT - Wanted PCT - Time Play
Normal Forward
1 - 34% - 36% - 17:08
2 - 29% - 31% - 14:46
3 - 23% - 23% - 11:41
4 - 13% - 10% - 6:32
Normal Defense
1 - 39% - 36% - 19:24
2 - 24% - 31% - 12:00
3 - 21% - 23% - 10:45
4 - 16% - 10% - 7:58
PP Forward
1 - 65% - 55% - 4:33
2 - 35% - 45% - 2:28
PP Defense
1 - 71% - 55% - 4:57
2 - 29% - 45% - 2:04
PK Forward
1 - 70% - 55% - 2:01
2 - 30% - 45% - 0:51
PK Defense
1 - 73% - 55% - 2:05
2 - 27% - 45% - 0:47
PK3 Forward
1 - 0% - 55%
2 - 0% - 45%
PK3 Defense
1 - 0% - 55%
2 - 0% - 45%
44 Forward
1 - 0% - 55%
2 - 0% - 45%
44 Defense
1 - 0% - 55%
2 - 0% - 45%
Last Minute Offensive  - 0:00
Last Minute Defensive  - 0:00
Total
Forward - 60:00
Defense - 60:00
Play-by-Play 1st period 0:01 of 1st period - William Eklund wins face-off versus Charlie Coyle in neutral zone. 0:06 of 1st period - Barclay Goodrow is hit by William Eklund. 0:21 of 1st period - Shot by Charlie Coyle. 0:21 of 1st period - Shot Misses the Net. 0:23 of 1st period - Shot by Charlie Coyle. 0:23 of 1st period - Stopped by Chris Driedger without a rebound. 0:24 of 1st period - Casey Mittelstadt wins face-off versus Adam Fantilli in REGINA FALCONS zone. 0:31 of 1st period - Shot by Connor Dewar. 0:31 of 1st period - Deflect By Casey Mittelstadt. 0:31 of 1st period - Shot Blocked by Juuso Valimaki. 0:35 of 1st period - Shot by Casey Mittelstadt. 0:35 of 1st period - Stopped by Chris Driedger without a rebound. 0:36 of 1st period - Alex Turcotte wins face-off versus Alex Iafallo in REGINA FALCONS zone. 0:40 of 1st period - Alexander Holtz is hit by Matt Kiersted and loses puck. 1:06 of 1st period - Nils Hoglander is hit by Justin Holl and loses puck. 1:08 of 1st period - Minor Penalty to Tyler Kleven for Holding. 1:09 of 1st period - Andre Burakovsky wins face-off versus Marcus Johansson in OAKLAND GORILLAS zone. 1:23 of 1st period - Shot by William Eklund. 1:23 of 1st period - Shot Misses the Net. 1:33 of 1st period - Shot by Barclay Goodrow. 1:33 of 1st period - Shot Misses the Net. 1:35 of 1st period - Shot by Ryan Graves. 1:35 of 1st period - Stopped by Chris Driedger without a rebound. 1:36 of 1st period - Adam Fantilli wins face-off versus Charlie Coyle in REGINA FALCONS zone. 1:36 of 1st period - Filip Hronek is hit by Charlie Coyle and loses puck. 1:45 of 1st period - Shot by Filip Hronek. 1:45 of 1st period - Stopped by Joonas Korpisalo without a rebound. 1:46 of 1st period - Charlie Coyle wins face-off versus Adam Fantilli in OAKLAND GORILLAS zone. 2:01 of 1st period - Shot by Filip Hronek. 2:01 of 1st period - Stopped by Joonas Korpisalo without a rebound. 2:02 of 1st period - Casey Mittelstadt wins face-off versus William Eklund in OAKLAND GORILLAS zone. 2:10 of 1st period - Off-side. 2:11 of 1st period - Charlie Coyle wins face-off versus William Eklund in neutral zone. 2:30 of 1st period - Shot by Filip Hronek. 2:30 of 1st period - Shot Misses the Net. 2:32 of 1st period - Shot by Filip Hronek. 2:32 of 1st period - Stopped by Joonas Korpisalo without a rebound. 2:33 of 1st period - Adam Fantilli wins face-off versus Charlie Coyle in OAKLAND GORILLAS zone. 2:49 of 1st period - Off-side. 2:50 of 1st period - Casey Mittelstadt wins face-off versus William Eklund in neutral zone. 3:18 of 1st period - Shot by Adam Fantilli. 3:18 of 1st period - Stopped by Joonas Korpisalo without a rebound. 3:19 of 1st period - Jacob Gaucher wins face-off versus Casey Mittelstadt in OAKLAND GORILLAS zone. 3:25 of 1st period - Icing by Alex Pietrangelo. 3:26 of 1st period - William Eklund wins face-off versus Ryan Lomberg in OAKLAND GORILLAS zone. 3:35 of 1st period - Shot by William Eklund. 3:35 of 1st period - Goal by William Eklund - OAKLAND GORILLAS : 0 - REGINA FALCONS : 1. 3:36 of 1st period - Charlie Coyle wins face-off versus Adam Fantilli in neutral zone. 4:08 of 1st period - Shot by Marcus Johansson. 4:08 of 1st period - Stopped by Chris Driedger without a rebound. 4:09 of 1st period - Andre Burakovsky wins face-off versus Casey Mittelstadt in REGINA FALCONS zone. 5:52 of 1st period - Charlie Coyle is hit by Adam Fantilli and loses puck. 5:59 of 1st period - Shot by Adam Fantilli. 5:59 of 1st period - Stopped by Joonas Korpisalo without a rebound. 6:00 of 1st period - Jacob Gaucher wins face-off versus Alex Turcotte in OAKLAND GORILLAS zone. 6:06 of 1st period - Ivan Demidov is hit by Tyler Kleven and loses puck. 6:23 of 1st period - Shot by Ivan Demidov. 6:23 of 1st period - Stopped by Joonas Korpisalo with a rebound. 6:29 of 1st period - Shot by Ivan Demidov. 6:29 of 1st period - Shot Misses the Net. 6:31 of 1st period - Shot by Jacob Gaucher. 6:31 of 1st period - Stopped by Joonas Korpisalo without a rebound. 6:32 of 1st period - Charlie Coyle wins face-off versus William Eklund in OAKLAND GORILLAS zone. 6:40 of 1st period - Noah Hanifin is hit by Nicklaus Perbix and loses puck. 6:43 of 1st period - Shot by Barclay Goodrow. 6:43 of 1st period - Shot Misses the Net. 6:45 of 1st period - Shot by Ryan Graves. 6:45 of 1st period - Goal by Ryan Graves - OAKLAND GORILLAS : 1 - REGINA FALCONS : 1. 6:46 of 1st period - Sonny Milano wins face-off versus Jack Roslovic in neutral zone. 6:55 of 1st period - Shot by Noah Hanifin. 6:55 of 1st period - Stopped by Chris Driedger without a rebound. 6:56 of 1st period - Charlie Coyle wins face-off versus William Eklund in REGINA FALCONS zone. 7:16 of 1st period - Shot by William Eklund. 7:16 of 1st period - Stopped by Joonas Korpisalo without a rebound. 7:17 of 1st period - Alex Turcotte wins face-off versus Adam Fantilli in OAKLAND GORILLAS zone. 7:25 of 1st period - Shot by Adam Fantilli. 7:25 of 1st period - Deflect By Leo Carlsson. 7:25 of 1st period - Shot Misses the Net. 7:29 of 1st period - Shot by Adam Fantilli. 7:29 of 1st period - Stopped by Joonas Korpisalo without a rebound. 7:30 of 1st period - Charlie Coyle wins face-off versus William Eklund in OAKLAND GORILLAS zone. 7:58 of 1st period - Shot by Charlie Coyle. 7:58 of 1st period - Stopped by Chris Driedger without a rebound. 7:59 of 1st period - Casey Mittelstadt wins face-off versus Adam Fantilli in REGINA FALCONS zone. 8:26 of 1st period - Alex Pietrangelo is hit by Adam Fantilli and loses puck. 8:55 of 1st period - Filip Hronek is hit by Tyler Kleven and loses puck. 9:03 of 1st period - Icing by Justin Holl. 9:04 of 1st period - Alex Turcotte wins face-off versus William Eklund in OAKLAND GORILLAS zone. 9:10 of 1st period - Off-side. 9:11 of 1st period - Charlie Coyle wins face-off versus Alex Iafallo in neutral zone. 9:58 of 1st period - Icing by Noah Hanifin. 9:59 of 1st period - William Eklund wins face-off versus Charlie Coyle in OAKLAND GORILLAS zone. 10:06 of 1st period - Shot by William Eklund. 10:06 of 1st period - Shot Misses the Net. 10:29 of 1st period - Shot by Viktor Arvidsson. 10:29 of 1st period - Shot Misses the Net. 10:31 of 1st period - Shot by William Eklund. 10:31 of 1st period - Shot Misses the Net. 11:00 of 1st period - Shot by Adam Fantilli. 11:00 of 1st period - Shot Misses the Net. 11:03 of 1st period - Icing by Noah Hanifin. 11:04 of 1st period - Charlie Coyle wins face-off versus Jacob Gaucher in OAKLAND GORILLAS zone. 11:20 of 1st period - Icing by Nicklaus Perbix. 11:21 of 1st period - Casey Mittelstadt wins face-off versus Jacob Gaucher in REGINA FALCONS zone. 11:44 of 1st period - Shot by Casey Mittelstadt. 11:44 of 1st period - Shot Misses the Net. 11:50 of 1st period - Nicklaus Perbix is hit by Connor Dewar and loses puck. 12:04 of 1st period - Icing by Matt Kiersted. 12:05 of 1st period - Jacob Gaucher wins face-off versus Alex Turcotte in REGINA FALCONS zone. 12:24 of 1st period - Shot by Alexander Holtz. 12:24 of 1st period - Goal by Alexander Holtz - OAKLAND GORILLAS : 2 - REGINA FALCONS : 1. 12:25 of 1st period - Viktor Arvidsson wins face-off versus Sonny Milano in neutral zone. 12:39 of 1st period - Andre Burakovsky is hit by Alex Pietrangelo. 14:36 of 1st period - Shot by Casey Mittelstadt. 14:36 of 1st period - Shot Blocked by Matt Kiersted. 15:16 of 1st period - Shot by Ivan Demidov. 15:16 of 1st period - Stopped by Joonas Korpisalo with a rebound. 15:34 of 1st period - Icing by Noah Hanifin. 15:35 of 1st period - Casey Mittelstadt wins face-off versus William Eklund in OAKLAND GORILLAS zone. 16:21 of 1st period - Shot by Marcus Johansson. 16:21 of 1st period - Stopped by Chris Driedger without a rebound. 16:22 of 1st period - Adam Fantilli wins face-off versus Alex Turcotte in REGINA FALCONS zone. 16:54 of 1st period - Shot by Leo Carlsson. 16:54 of 1st period - Stopped by Joonas Korpisalo without a rebound. 16:55 of 1st period - Charlie Coyle wins face-off versus Alex Iafallo in OAKLAND GORILLAS zone. 16:55 of 1st period - Charlie Coyle is hit by Alex Iafallo. 17:00 of 1st period - Alex Pietrangelo is hit by Filip Hronek and loses puck. 17:07 of 1st period - Shot by Charlie Coyle. 17:07 of 1st period - Stopped by Chris Driedger without a rebound. 17:08 of 1st period - William Eklund wins face-off versus Brad Lambert in REGINA FALCONS zone. 17:08 of 1st period - William Eklund is hit by Cam Atkinson. 17:16 of 1st period - Minor Penalty to Brent Burns for Roughing. 17:17 of 1st period - Charlie Coyle wins face-off versus William Eklund in OAKLAND GORILLAS zone. 17:59 of 1st period - Off-side. 18:00 of 1st period - Adam Fantilli wins face-off versus Casey Mittelstadt in neutral zone. 18:03 of 1st period - Alex Pietrangelo is hit by Leo Carlsson and loses puck. 18:08 of 1st period - Shot by Adam Fantilli. 18:08 of 1st period - Stopped by Joonas Korpisalo without a rebound. 18:09 of 1st period - Charlie Coyle wins face-off versus Adam Fantilli in OAKLAND GORILLAS zone. 18:40 of 1st period - Shot by Jack Roslovic. 18:40 of 1st period - Stopped by Joonas Korpisalo without a rebound. 18:41 of 1st period - Charlie Coyle wins face-off versus William Eklund in OAKLAND GORILLAS zone. 18:53 of 1st period - Icing by Filip Hronek. 18:54 of 1st period - Charlie Coyle wins face-off versus William Eklund in REGINA FALCONS zone. 19:37 of 1st period - Icing by Justin Holl. 19:38 of 1st period - Adam Fantilli wins face-off versus Alex Turcotte in OAKLAND GORILLAS zone. 19:50 of 1st period - Michael Eyssimont is hit by Jack Roslovic and loses puck. Goals for this period are 2 for OAKLAND GORILLAS vs 1 for REGINA FALCONS. Shots for this period are 10 for OAKLAND GORILLAS vs 14 for REGINA FALCONS. 2nd period 0:01 of 2nd period - Barclay Goodrow wins face-off versus William Eklund in neutral zone. 0:23 of 2nd period - Icing by Brent Burns. 0:24 of 2nd period - Adam Fantilli wins face-off versus Charlie Coyle in OAKLAND GORILLAS zone. 1:05 of 2nd period - Shot by Adam Fantilli. 1:05 of 2nd period - Shot Blocked by Charlie Coyle. 1:22 of 2nd period - Icing by Justin Holl. 1:23 of 2nd period - Casey Mittelstadt wins face-off versus William Eklund in OAKLAND GORILLAS zone. 1:23 of 2nd period - Casey Mittelstadt is hit by Viktor Arvidsson. 1:49 of 2nd period - Shot by Connor Dewar. 1:49 of 2nd period - Stopped by Chris Driedger without a rebound. 1:50 of 2nd period - Alex Turcotte wins face-off versus Alex Iafallo in REGINA FALCONS zone. 2:12 of 2nd period - Icing by Noah Hanifin. 2:13 of 2nd period - Alex Turcotte wins face-off versus William Eklund in OAKLAND GORILLAS zone. 2:13 of 2nd period - Alex Turcotte is hit by Viktor Arvidsson. 2:54 of 2nd period - Icing by Noah Hanifin. 2:55 of 2nd period - Alex Iafallo wins face-off versus Alex Turcotte in OAKLAND GORILLAS zone. 3:01 of 2nd period - Ryker Evans is hit by Noah Hanifin and loses puck. 3:07 of 2nd period - Icing by Ryan Graves. 3:08 of 2nd period - Adam Fantilli wins face-off versus Alex Turcotte in OAKLAND GORILLAS zone. 3:32 of 2nd pe